Kings vs Bruins

Created - November 19, 2023 at 23:12

Goals
1 2 3 T
Kings 0 0 1 1
Bruins 3 0 1 4
Shots
1 2 3 T
Kings 9 9 8 26
Bruins 14 10 16 40

GoalsPenalties
1st period
1. Bruins , Charlie Coyle 3 (Kailer Yamamoto 3, Tyler Bertuzzi 5) at 3:52
2. Bruins , Tyler Bertuzzi 4 (Jamie Oleksiak 1, Kailer Yamamoto 4) at 9:09
3. Bruins , Tyler Bertuzzi 5 (Josh Manson 5) at 15:30
Tom Wilson (BOS) for Hooking (Minor) at 18:51
2nd period
No Goal
Mark Giordano (LOS) for Interference (Minor) at 2:56
Evander Kane (LOS) for Slashing (Minor) at 5:43
Jordan Staal (LOS) for Tripping (Minor) at 16:11
3rd period
4. Kings , Nic Dowd 2 (Conor Sheary 3, Tyler Motte 3) at 4:58
5. Bruins , Dmitry Kulikov 2 (Bryan Rust 10, Tyler Bertuzzi 6) at 6:50 (PP)
Jamie Oleksiak (BOS) for Hooking (Minor) at 1:17
David Savard (LOS) for High sticking (Minor) at 5:17
Vladimir Tarasenko (LOS) for Roughing (Minor) at 15:31
Goalie Stats
Ville Husso (LOS), 36 saves from 40 shots - (0.900), L, 8-8-1, 60:00 minutes
Jake Oettinger (BOS), 25 saves from 26 shots - (0.962), W, 11-7-1, 60:00 minutes
3 StarsOfficial
1 - Tyler Bertuzzi (BOS)
2 - Charlie Coyle (BOS)
3 - Kailer Yamamoto (BOS)
Referees : Troy Paterson and Terry Koharski
Linesman : Jonny Murray and James Tobias
Game Note
No Game Note
Finance
Level 1 -- Attendance: 6000 (100.00%) -- Ticket Income $708,000
Level 2 -- Attendance: 5000 (100.00%) -- Ticket Income $375,000
Level 3 -- Attendance: 3500 (100.00%) -- Ticket Income $168,000
Level 4 -- Attendance: 2983 (93.81%) -- Ticket Income $89,490
Luxury Box -- Attendance: 901 (90.10%) -- Ticket Income $190,111
Game was played at the TD Garden.
Total Attendance: 18384 (98.42%)
Total Ticket Income: $1,530,601
Other Income: $382,650
Total Income: $1,913,251



Team Name Goals Shots Shots Attemp Shots Blocked PIM HIT PP PK FO%
Kings 126471210190 / 2 (0%)155%
Bruins 4408094181 / 5 (20%)045%

Kings
Player Name POS G A P +/- PIM HIT SHT SB MP PP MP PP SHT PK MP PK SHT FO% FOT
Alex OvechkinLW000-3044020:571:4910:5000% 0
Brandon SaadLW000000109:030:0000:000100% 1
Conor ShearyLW011100105:260:0000:0000% 0
David SavardD000-1220116:520:0003:4300% 0
Evander KaneLW0000222014:531:0800:0000% 2
Ilya MikheyevRW0000001115:552:0900:00050% 2
Jonas BrodinD000-1002525:062:5016:4100% 0
Jordan StaalC0000211014:150:0005:13047% 19
Logan CoutureC0000002115:552:0900:00065% 17
Mark GiordanoD000-1220116:330:0003:2400% 0
Matt DucheneC000-3012020:071:4900:00052% 27
Mattias EkholmD0000021019:161:0810:2000% 0
Nic DowdC101100318:590:0003:33080% 10
Noah CatesLW0000001017:342:0916:2200% 1
Rasmus RistolainenD0000040117:560:0000:0800% 0
Ryan SuterD000-1002123:072:5014:4200% 0
Tyler MotteC011100108:260:0003:0000% 1
Vladimir TarasenkoRW000-3212020:061:4900:0000% 0
Bruins
Player Name POS G A P +/- PIM HIT SHT SB MP PP MP PP SHT PK MP PK SHT FO% FOT
Alex IafalloLW0000001016:530:0002:0700% 1
Anze KopitarC000-1015120:074:3710:00048% 23
Brady SkjeiD0001012122:104:0220:0000% 0
Brett PesceD0000000016:310:0002:0300% 0
Bryan RustRW011-1003020:224:5200:00025% 4
Cam FowlerD0000003323:494:0221:5500% 0
Charlie CoyleC1013001112:120:0002:07060% 15
Dmitry KulikovD1010027020:465:2730:5100% 0
Jamie OleksiakD0111211111:220:0001:0400% 0
Josh MansonD011100003:540:0000:0000% 0
Kailer YamamotoRW0222021016:010:0000:0000% 0
Nicolas RoyC000000108:030:0001:51020% 5
T.J. BrodieD0001003021:275:2722:0300% 0
Tom WilsonRW0001254119:384:3710:000100% 2
Trevor ZegrasC0000021019:244:3800:00044% 25
Tyler BertuzziLW2243014014:574:5200:0000% 1
Yegor SharangovichC000-1012020:074:3710:0000% 2
Zach PariseLW000002118:170:1401:51050% 2



Play-by-Play

1st period


0:01 of 1st period - Matt Duchene wins face-off versus Anze Kopitar in neutral zone.
0:01 of 1st period - Alex Ovechkin is hit by Anze Kopitar and loses puck.
0:08 of 1st period - Shot by Vladimir Tarasenko.
0:08 of 1st period - Stopped by Jake Oettinger without a rebound.
0:09 of 1st period - Logan Couture wins face-off versus Trevor Zegras in Bruins zone.
0:09 of 1st period - Logan Couture is hit by Dmitry Kulikov.
1:04 of 1st period - Off-side.
1:05 of 1st period - Jordan Staal wins face-off versus Anze Kopitar in neutral zone.
1:17 of 1st period - Shot by Jordan Staal.
1:17 of 1st period - Stopped by Jake Oettinger without a rebound.
1:18 of 1st period - Charlie Coyle wins face-off versus Matt Duchene in Bruins zone.
1:43 of 1st period - Shot by Tyler Bertuzzi.
1:43 of 1st period - Stopped by Ville Husso without a rebound.
1:44 of 1st period - Nic Dowd wins face-off versus Anze Kopitar in Kings zone.
3:01 of 1st period - Shot by Zach Parise.
3:01 of 1st period - Stopped by Ville Husso without a rebound.
3:02 of 1st period - Trevor Zegras wins face-off versus Jordan Staal in Kings zone.
3:25 of 1st period - Shot by Dmitry Kulikov.
3:25 of 1st period - Stopped by Ville Husso without a rebound.
3:26 of 1st period - Charlie Coyle wins face-off versus Matt Duchene in Kings zone.
3:52 of 1st period - Shot by Charlie Coyle.
3:52 of 1st period - Goal by Charlie Coyle - Kings : 0 - Bruins : 1.
3:53 of 1st period - Ilya Mikheyev wins face-off versus Bryan Rust in neutral zone.
4:05 of 1st period - Icing by Mattias Ekholm.
4:06 of 1st period - Logan Couture wins face-off versus Trevor Zegras in Kings zone.
4:13 of 1st period - Shot by Ilya Mikheyev.
4:13 of 1st period - Stopped by Jake Oettinger with a rebound.
4:47 of 1st period - Shot by Trevor Zegras.
4:47 of 1st period - Shot Blocked by Ilya Mikheyev.
5:11 of 1st period - Shot by Yegor Sharangovich.
5:11 of 1st period - Shot Misses the Net.
5:17 of 1st period - Shot by Vladimir Tarasenko.
5:17 of 1st period - Shot Misses the Net.
5:25 of 1st period - Brady Skjei is hit by Vladimir Tarasenko and loses puck.
5:56 of 1st period - Shot by Tyler Bertuzzi.
5:56 of 1st period - Shot Misses the Net.
5:58 of 1st period - Shot by Charlie Coyle.
5:58 of 1st period - Shot Blocked by Jonas Brodin.
6:00 of 1st period - Shot by Charlie Coyle.
6:00 of 1st period - Shot Misses the Net.
6:02 of 1st period - Shot by Tyler Bertuzzi.
6:02 of 1st period - Stopped by Ville Husso with a rebound.
7:07 of 1st period - Shot by Trevor Zegras.
7:07 of 1st period - Shot Misses the Net.
7:09 of 1st period - Shot by Dmitry Kulikov.
7:09 of 1st period - Stopped by Ville Husso with a rebound.
7:11 of 1st period - Shot by Dmitry Kulikov.
7:11 of 1st period - Stopped by Ville Husso without a rebound.
7:12 of 1st period - Logan Couture wins face-off versus Bryan Rust in Kings zone.
7:33 of 1st period - Shot by Bryan Rust.
7:33 of 1st period - Stopped by Ville Husso without a rebound.
7:34 of 1st period - Nic Dowd wins face-off versus Nicolas Roy in Kings zone.
7:34 of 1st period - Nic Dowd is hit by Zach Parise.
8:10 of 1st period - Shot by Conor Sheary.
8:10 of 1st period - Shot Blocked by Zach Parise.
8:12 of 1st period - Shot by Nic Dowd.
8:12 of 1st period - Stopped by Jake Oettinger without a rebound.
8:13 of 1st period - Matt Duchene wins face-off versus Anze Kopitar in Bruins zone.
8:32 of 1st period - Shot by Vladimir Tarasenko.
8:32 of 1st period - Shot Misses the Net.
8:34 of 1st period - Shot by Alex Ovechkin.
8:34 of 1st period - Stopped by Jake Oettinger without a rebound.
8:35 of 1st period - Brandon Saad wins face-off versus Trevor Zegras in Bruins zone.
8:35 of 1st period - Brandon Saad is hit by Dmitry Kulikov.
8:39 of 1st period - Shot by Brandon Saad.
8:39 of 1st period - Stopped by Jake Oettinger without a rebound.
8:40 of 1st period - Charlie Coyle wins face-off versus Matt Duchene in Bruins zone.
8:40 of 1st period - Charlie Coyle is hit by Alex Ovechkin.
8:47 of 1st period - Kailer Yamamoto is hit by Mark Giordano.
8:49 of 1st period - Shot by Charlie Coyle.
8:49 of 1st period - Shot Blocked by David Savard.
9:09 of 1st period - Shot by Tyler Bertuzzi.
9:09 of 1st period - Goal by Tyler Bertuzzi - Kings : 0 - Bruins : 2.
9:10 of 1st period - Anze Kopitar wins face-off versus Evander Kane in neutral zone.
9:21 of 1st period - Shot by Yegor Sharangovich.
9:21 of 1st period - Shot Misses the Net.
9:37 of 1st period - Shot by Bryan Rust.
9:37 of 1st period - Stopped by Ville Husso without a rebound.
9:38 of 1st period - Trevor Zegras wins face-off versus Matt Duchene in Kings zone.
9:56 of 1st period - Shot by Trevor Zegras.
9:56 of 1st period - Stopped by Ville Husso without a rebound.
9:57 of 1st period - Charlie Coyle wins face-off versus Jordan Staal in Kings zone.
9:58 of 1st period - Shot by Tyler Bertuzzi.
9:58 of 1st period - Shot Blocked by Jonas Brodin.
10:22 of 1st period - Icing by Cam Fowler.
10:23 of 1st period - Charlie Coyle wins face-off versus Matt Duchene in Bruins zone.
10:46 of 1st period - Shot by Tyler Bertuzzi.
10:46 of 1st period - Deflect By Charlie Coyle.
10:46 of 1st period - Shot Misses the Net.
11:33 of 1st period - Off-side.
11:34 of 1st period - Tom Wilson wins face-off versus Logan Couture in neutral zone.
11:37 of 1st period - Ilya Mikheyev is hit by Tom Wilson and loses puck.
11:41 of 1st period - Icing by Ryan Suter.
11:42 of 1st period - Trevor Zegras wins face-off versus Logan Couture in Kings zone.
11:43 of 1st period - Shot by Tom Wilson.
11:43 of 1st period - Shot Misses the Net.
12:00 of 1st period - Icing by Logan Couture.
12:01 of 1st period - Anze Kopitar wins face-off versus Ilya Mikheyev in Kings zone.
12:12 of 1st period - Bryan Rust is hit by Evander Kane and loses puck.
12:53 of 1st period - Shot by Jordan Staal.
12:53 of 1st period - Shot Misses the Net.
13:38 of 1st period - Brandon Saad is hit by Tom Wilson and loses puck.
13:49 of 1st period - Noah Cates is hit by Tom Wilson and loses puck.
14:41 of 1st period - Kailer Yamamoto is hit by David Savard and loses puck.
15:30 of 1st period - Shot by Tyler Bertuzzi.
15:30 of 1st period - Goal by Tyler Bertuzzi - Kings : 0 - Bruins : 3.
15:31 of 1st period - Charlie Coyle wins face-off versus Matt Duchene in neutral zone.
15:58 of 1st period - Shot by Jonas Brodin.
15:58 of 1st period - Stopped by Jake Oettinger with a rebound.
16:00 of 1st period - Shot by Vladimir Tarasenko.
16:00 of 1st period - Deflect By Alex Ovechkin.
16:00 of 1st period - Shot Blocked by Charlie Coyle.
16:02 of 1st period - Shot by Alex Ovechkin.
16:02 of 1st period - Deflect By Matt Duchene.
16:02 of 1st period - Shot Blocked by Cam Fowler.
16:04 of 1st period - Shot by Ryan Suter.
16:04 of 1st period - Shot Misses the Net.
16:06 of 1st period - Shot by Matt Duchene.
16:06 of 1st period - Shot Misses the Net.
16:25 of 1st period - Brady Skjei is hit by Mattias Ekholm.
16:49 of 1st period - Shot by Ilya Mikheyev.
16:49 of 1st period - Shot Misses the Net.
16:59 of 1st period - Shot by Anze Kopitar.
16:59 of 1st period - Stopped by Ville Husso without a rebound.
17:00 of 1st period - Nic Dowd wins face-off versus Trevor Zegras in Kings zone.
17:28 of 1st period - Icing by Tom Wilson.
17:29 of 1st period - Matt Duchene wins face-off versus Trevor Zegras in Bruins zone.
17:37 of 1st period - Shot by Alex Ovechkin.
17:37 of 1st period - Stopped by Jake Oettinger without a rebound.
17:38 of 1st period - Anze Kopitar wins face-off versus Matt Duchene in Bruins zone.
17:44 of 1st period - Off-side.
17:45 of 1st period - Anze Kopitar wins face-off versus Matt Duchene in neutral zone.
18:14 of 1st period - Shot by Bryan Rust.
18:14 of 1st period - Shot Misses the Net.
18:16 of 1st period - Shot by Dmitry Kulikov.
18:16 of 1st period - Shot Misses the Net.
18:18 of 1st period - Shot by Yegor Sharangovich.
18:18 of 1st period - Shot Misses the Net.
18:20 of 1st period - Shot by Anze Kopitar.
18:20 of 1st period - Shot Blocked by Rasmus Ristolainen.
18:22 of 1st period - Shot by Dmitry Kulikov.
18:22 of 1st period - Stopped by Ville Husso without a rebound.
18:23 of 1st period - Tom Wilson wins face-off versus Logan Couture in Kings zone.
18:46 of 1st period - Shot by Tom Wilson.
18:46 of 1st period - Shot Blocked by Jonas Brodin.
18:51 of 1st period - Minor Penalty to Tom Wilson for Hooking.
18:52 of 1st period - Charlie Coyle wins face-off versus Matt Duchene in Bruins zone.
19:05 of 1st period - Shot by Alex Ovechkin.
19:05 of 1st period - Shot Blocked by Jamie Oleksiak.
19:07 of 1st period - Shot by Mattias Ekholm.
19:07 of 1st period - Stopped by Jake Oettinger without a rebound.
19:08 of 1st period - Logan Couture wins face-off versus Alex Iafallo in Bruins zone.
19:50 of 1st period - Ilya Mikheyev is hit by Jamie Oleksiak and loses puck.
Goals for this period are 0 for Kings vs 3 for Bruins.
Shots for this period are 9 for Kings vs 14 for Bruins.

2nd period


0:01 of 2nd period - Matt Duchene wins face-off versus Charlie Coyle in neutral zone.
0:34 of 2nd period - Shot by Jonas Brodin.
0:34 of 2nd period - Stopped by Jake Oettinger with a rebound.
0:36 of 2nd period - Shot by Ryan Suter.
0:36 of 2nd period - Stopped by Jake Oettinger without a rebound.
0:37 of 2nd period - Logan Couture wins face-off versus Nicolas Roy in Bruins zone.
0:54 of 2nd period - Shot by Anze Kopitar.
0:54 of 2nd period - Stopped by Ville Husso without a rebound.
0:55 of 2nd period - Anze Kopitar wins face-off versus Nic Dowd in Kings zone.
1:41 of 2nd period - Off-side.
1:42 of 2nd period - Matt Duchene wins face-off versus Trevor Zegras in neutral zone.
2:01 of 2nd period - Shot by Matt Duchene.
2:01 of 2nd period - Stopped by Jake Oettinger without a rebound.
2:02 of 2nd period - Logan Couture wins face-off versus Charlie Coyle in Bruins zone.
2:33 of 2nd period - Shot by Evander Kane.
2:33 of 2nd period - Stopped by Jake Oettinger with a rebound.
2:56 of 2nd period - Minor Penalty to Mark Giordano for Interference.
2:57 of 2nd period - Anze Kopitar wins face-off versus Jordan Staal in Kings zone.
3:06 of 2nd period - Shot by Tom Wilson.
3:06 of 2nd period - Stopped by Ville Husso without a rebound.
3:07 of 2nd period - Anze Kopitar wins face-off versus Jordan Staal in Kings zone.
3:12 of 2nd period - Shot by Cam Fowler.
3:12 of 2nd period - Stopped by Ville Husso without a rebound.
3:13 of 2nd period - Jordan Staal wins face-off versus Yegor Sharangovich in Kings zone.
3:22 of 2nd period - Cam Fowler is hit by Jordan Staal and loses puck.
3:50 of 2nd period - Shot by Cam Fowler.
3:50 of 2nd period - Shot Misses the Net.
3:52 of 2nd period - Shot by Cam Fowler.
3:52 of 2nd period - Shot Misses the Net.
3:54 of 2nd period - Shot by Brady Skjei.
3:54 of 2nd period - Shot Blocked by Jonas Brodin.
3:56 of 2nd period - Shot by Anze Kopitar.
3:56 of 2nd period - Shot Blocked by Jonas Brodin.
4:08 of 2nd period - David Savard is hit by Trevor Zegras and loses puck.
5:03 of 2nd period - Shot by Vladimir Tarasenko.
5:03 of 2nd period - Stopped by Jake Oettinger without a rebound.
5:04 of 2nd period - Matt Duchene wins face-off versus Nicolas Roy in Bruins zone.
5:07 of 2nd period - Shot by Matt Duchene.
5:07 of 2nd period - Shot Blocked by Brady Skjei.
5:39 of 2nd period - Shot by Matt Duchene.
5:39 of 2nd period - Stopped by Jake Oettinger without a rebound.
5:40 of 2nd period - Trevor Zegras wins face-off versus Logan Couture in Bruins zone.
5:42 of 2nd period - T.J. Brodie is hit by Evander Kane and loses puck.
5:43 of 2nd period - Minor Penalty to Evander Kane for Slashing.
5:44 of 2nd period - Anze Kopitar wins face-off versus Tyler Motte in Kings zone.
5:45 of 2nd period - Shot by Yegor Sharangovich.
5:45 of 2nd period - Shot Misses the Net.
5:47 of 2nd period - Shot by Anze Kopitar.
5:47 of 2nd period - Shot Blocked by Nic Dowd.
5:49 of 2nd period - Shot by Anze Kopitar.
5:49 of 2nd period - Stopped by Ville Husso without a rebound.
5:50 of 2nd period - Trevor Zegras wins face-off versus Jordan Staal in Kings zone.
6:15 of 2nd period - Nic Dowd is hit by Trevor Zegras and loses puck.
6:24 of 2nd period - Shot by T.J. Brodie.
6:24 of 2nd period - Stopped by Ville Husso without a rebound.
6:25 of 2nd period - Jordan Staal wins face-off versus Anze Kopitar in Kings zone.
6:53 of 2nd period - Shot by Brady Skjei.
6:53 of 2nd period - Stopped by Ville Husso without a rebound.
6:54 of 2nd period - Jordan Staal wins face-off versus Trevor Zegras in Kings zone.
7:18 of 2nd period - Shot by Bryan Rust.
7:18 of 2nd period - Shot Misses the Net.
7:45 of 2nd period - Icing by Jonas Brodin.
7:46 of 2nd period - Matt Duchene wins face-off versus Nicolas Roy in Kings zone.
7:46 of 2nd period - Matt Duchene is hit by Zach Parise.
9:31 of 2nd period - Shot by Logan Couture.
9:31 of 2nd period - Stopped by Jake Oettinger without a rebound.
9:32 of 2nd period - Jordan Staal wins face-off versus Anze Kopitar in Bruins zone.
9:39 of 2nd period - Shot by Yegor Sharangovich.
9:39 of 2nd period - Shot Misses the Net.
9:41 of 2nd period - Shot by T.J. Brodie.
9:41 of 2nd period - Stopped by Ville Husso without a rebound.
9:42 of 2nd period - Logan Couture wins face-off versus Anze Kopitar in Kings zone.
9:56 of 2nd period - Shot by Anze Kopitar.
9:56 of 2nd period - Shot Misses the Net.
10:47 of 2nd period - Shot by Tyler Bertuzzi.
10:47 of 2nd period - Shot Misses the Net.
11:15 of 2nd period - Shot by Tyler Bertuzzi.
11:15 of 2nd period - Shot Misses the Net.
11:17 of 2nd period - Shot by Kailer Yamamoto.
11:17 of 2nd period - Stopped by Ville Husso with a rebound.
12:26 of 2nd period - Shot by Mattias Ekholm.
12:26 of 2nd period - Shot Misses the Net.
12:42 of 2nd period - Trevor Zegras is hit by Matt Duchene.
13:15 of 2nd period - Off-side.
13:16 of 2nd period - Nic Dowd wins face-off versus Anze Kopitar in neutral zone.
13:45 of 2nd period - Shot by Nic Dowd.
13:45 of 2nd period - Shot Blocked by Anze Kopitar.
14:49 of 2nd period - Icing by Evander Kane.
14:50 of 2nd period - Trevor Zegras wins face-off versus Logan Couture in Kings zone.
15:40 of 2nd period - Off-side.
15:41 of 2nd period - Anze Kopitar wins face-off versus Jordan Staal in neutral zone.
15:55 of 2nd period - Anze Kopitar is hit by Rasmus Ristolainen and loses puck.
16:11 of 2nd period - Minor Penalty to Jordan Staal for Tripping.
16:12 of 2nd period - Nic Dowd wins face-off versus Trevor Zegras in Kings zone.
16:45 of 2nd period - Shot by Trevor Zegras.
16:45 of 2nd period - Shot Misses the Net.
17:08 of 2nd period - Icing by Tom Wilson.
17:09 of 2nd period - Nic Dowd wins face-off versus Anze Kopitar in Bruins zone.
17:10 of 2nd period - Shot by Alex Ovechkin.
17:10 of 2nd period - Shot Misses the Net.
17:12 of 2nd period - Shot by Mark Giordano.
17:12 of 2nd period - Shot Blocked by Cam Fowler.
17:48 of 2nd period - Jonas Brodin is hit by Tom Wilson and loses puck.
18:24 of 2nd period - Shot by Nicolas Roy.
18:24 of 2nd period - Stopped by Ville Husso with a rebound.
18:26 of 2nd period - Shot by Zach Parise.
18:26 of 2nd period - Shot Misses the Net.
18:28 of 2nd period - Shot by Jamie Oleksiak.
18:28 of 2nd period - Stopped by Ville Husso without a rebound.
18:29 of 2nd period - Matt Duchene wins face-off versus Charlie Coyle in Kings zone.
18:29 of 2nd period - Matt Duchene is hit by Tyler Bertuzzi.
18:34 of 2nd period - Icing by Alex Ovechkin.
18:35 of 2nd period - Matt Duchene wins face-off versus Tyler Bertuzzi in Kings zone.
18:35 of 2nd period - Matt Duchene is hit by Kailer Yamamoto.
18:49 of 2nd period - Icing by Brett Pesce.
18:50 of 2nd period - Logan Couture wins face-off versus Charlie Coyle in Bruins zone.
19:32 of 2nd period - Shot by Logan Couture.
19:32 of 2nd period - Stopped by Jake Oettinger without a rebound.
19:33 of 2nd period - Matt Duchene wins face-off versus Anze Kopitar in Bruins zone.
19:36 of 2nd period - Shot by Alex Ovechkin.
19:36 of 2nd period - Stopped by Jake Oettinger without a rebound.
19:37 of 2nd period - Bryan Rust wins face-off versus Matt Duchene in Bruins zone.
Goals for this period are 0 for Kings vs 0 for Bruins.
Shots for this period are 9 for Kings vs 10 for Bruins.

3rd period


0:01 of 3rd period - Matt Duchene wins face-off versus Trevor Zegras in neutral zone.
0:10 of 3rd period - Tom Wilson is hit by Alex Ovechkin and loses puck.
0:32 of 3rd period - Icing by Alex Iafallo.
0:33 of 3rd period - Logan Couture wins face-off versus Trevor Zegras in Bruins zone.
1:06 of 3rd period - Shot by Evander Kane.
1:06 of 3rd period - Stopped by Jake Oettinger without a rebound.
1:07 of 3rd period - Matt Duchene wins face-off versus Yegor Sharangovich in Bruins zone.
1:17 of 3rd period - Minor Penalty to Jamie Oleksiak for Hooking.
1:18 of 3rd period - Matt Duchene wins face-off versus Charlie Coyle in Bruins zone.
1:43 of 3rd period - Shot by Alex Ovechkin.
1:43 of 3rd period - Shot Misses the Net.
1:45 of 3rd period - Shot by Alex Ovechkin.
1:45 of 3rd period - Stopped by Jake Oettinger with a rebound.
2:33 of 3rd period - Shot by Ilya Mikheyev.
2:33 of 3rd period - Shot Misses the Net.
2:35 of 3rd period - Shot by Mattias Ekholm.
2:35 of 3rd period - Shot Blocked by Cam Fowler.
2:37 of 3rd period - Shot by Noah Cates.
2:37 of 3rd period - Stopped by Jake Oettinger without a rebound.
2:38 of 3rd period - Logan Couture wins face-off versus Zach Parise in Bruins zone.
3:30 of 3rd period - Shot by Conor Sheary.
3:30 of 3rd period - Deflect By Nic Dowd.
3:30 of 3rd period - Stopped by Jake Oettinger with a rebound.
3:32 of 3rd period - Shot by Tyler Motte.
3:32 of 3rd period - Shot Misses the Net.
3:34 of 3rd period - Shot by Tyler Motte.
3:34 of 3rd period - Stopped by Jake Oettinger without a rebound.
3:35 of 3rd period - Charlie Coyle wins face-off versus Matt Duchene in Bruins zone.
3:35 of 3rd period - Charlie Coyle is hit by Alex Ovechkin.
4:34 of 3rd period - Shot by Bryan Rust.
4:34 of 3rd period - Shot Misses the Net.
4:56 of 3rd period - Shot by Conor Sheary.
4:56 of 3rd period - Stopped by Jake Oettinger with a rebound.
4:58 of 3rd period - Shot by Nic Dowd.
4:58 of 3rd period - Goal by Nic Dowd - Kings : 1 - Bruins : 3.
4:59 of 3rd period - Logan Couture wins face-off versus Trevor Zegras in neutral zone.
5:03 of 3rd period - Mark Giordano is hit by Brady Skjei and loses puck.
5:17 of 3rd period - Minor Penalty to David Savard for High sticking.
5:18 of 3rd period - Jordan Staal wins face-off versus Bryan Rust in Kings zone.
5:29 of 3rd period - Shot by T.J. Brodie.
5:29 of 3rd period - Shot Misses the Net.
5:55 of 3rd period - Shot by T.J. Brodie.
5:55 of 3rd period - Shot Misses the Net.
6:19 of 3rd period - Shot by Tom Wilson.
6:19 of 3rd period - Shot Misses the Net.
6:21 of 3rd period - Shot by Brady Skjei.
6:21 of 3rd period - Stopped by Ville Husso without a rebound.
6:22 of 3rd period - Nic Dowd wins face-off versus Anze Kopitar in Kings zone.
6:22 of 3rd period - Nic Dowd is hit by Tom Wilson.
6:40 of 3rd period - Shot by Cam Fowler.
6:40 of 3rd period - Stopped by Ville Husso without a rebound.
6:41 of 3rd period - Trevor Zegras wins face-off versus Noah Cates in Kings zone.
6:44 of 3rd period - Shot by Tyler Bertuzzi.
6:44 of 3rd period - Shot Blocked by Ryan Suter.
6:46 of 3rd period - Shot by Dmitry Kulikov.
6:46 of 3rd period - Stopped by Ville Husso with a rebound.
6:50 of 3rd period - Shot by Dmitry Kulikov.
6:50 of 3rd period - Goal by Dmitry Kulikov - Kings : 1 - Bruins : 4.
6:51 of 3rd period - Nicolas Roy wins face-off versus Matt Duchene in neutral zone.
6:53 of 3rd period - Cam Fowler is hit by Rasmus Ristolainen and loses puck.
8:03 of 3rd period - Shot by Bryan Rust.
8:03 of 3rd period - Stopped by Ville Husso with a rebound.
8:08 of 3rd period - Anze Kopitar is hit by David Savard and loses puck.
8:13 of 3rd period - Shot by Anze Kopitar.
8:13 of 3rd period - Stopped by Ville Husso without a rebound.
8:14 of 3rd period - Jordan Staal wins face-off versus Trevor Zegras in Kings zone.
8:16 of 3rd period - Icing by Brandon Saad.
8:17 of 3rd period - Trevor Zegras wins face-off versus Jordan Staal in Kings zone.
8:24 of 3rd period - Shot by Tom Wilson.
8:24 of 3rd period - Stopped by Ville Husso without a rebound.
8:25 of 3rd period - Trevor Zegras wins face-off versus Evander Kane in Kings zone.
8:30 of 3rd period - Shot by Tom Wilson.
8:30 of 3rd period - Stopped by Ville Husso without a rebound.
8:31 of 3rd period - Anze Kopitar wins face-off versus Matt Duchene in Kings zone.
9:41 of 3rd period - Shot by Trevor Zegras.
9:41 of 3rd period - Deflect By Tom Wilson.
9:41 of 3rd period - Stopped by Ville Husso without a rebound.
9:42 of 3rd period - Charlie Coyle wins face-off versus Jordan Staal in Kings zone.
9:57 of 3rd period - Shot by Charlie Coyle.
9:57 of 3rd period - Shot Hit the Post.
11:47 of 3rd period - Shot by Bryan Rust.
11:47 of 3rd period - Shot Misses the Net.
12:38 of 3rd period - Mattias Ekholm is hit by Yegor Sharangovich and loses puck.
13:43 of 3rd period - Shot by Alex Iafallo.
13:43 of 3rd period - Stopped by Ville Husso with a rebound.
14:00 of 3rd period - Shot by Cam Fowler.
14:00 of 3rd period - Stopped by Ville Husso without a rebound.
14:01 of 3rd period - Jordan Staal wins face-off versus Charlie Coyle in Kings zone.
14:01 of 3rd period - Jordan Staal is hit by Kailer Yamamoto.
14:32 of 3rd period - Shot by Ryan Suter.
14:32 of 3rd period - Stopped by Jake Oettinger without a rebound.
14:33 of 3rd period - Matt Duchene wins face-off versus Trevor Zegras in Bruins zone.
14:36 of 3rd period - Shot by Vladimir Tarasenko.
14:36 of 3rd period - Shot Misses the Net.
15:00 of 3rd period - Tom Wilson is hit by Alex Ovechkin and loses puck.
15:06 of 3rd period - Cam Fowler is hit by Rasmus Ristolainen and loses puck.
15:31 of 3rd period - Minor Penalty to Vladimir Tarasenko for Roughing.
15:32 of 3rd period - Zach Parise wins face-off versus Jordan Staal in Kings zone.
15:33 of 3rd period - Shot by T.J. Brodie.
15:33 of 3rd period - Shot Misses the Net.
15:41 of 3rd period - Shot by Dmitry Kulikov.
15:41 of 3rd period - Shot Misses the Net.
15:43 of 3rd period - Shot by Dmitry Kulikov.
15:43 of 3rd period - Stopped by Ville Husso with a rebound.
15:45 of 3rd period - Shot by T.J. Brodie.
15:45 of 3rd period - Stopped by Ville Husso without a rebound.
15:46 of 3rd period - Jordan Staal wins face-off versus Anze Kopitar in Kings zone.
16:09 of 3rd period - Shot by Dmitry Kulikov.
16:09 of 3rd period - Shot Blocked by Mark Giordano.
16:11 of 3rd period - Shot by Yegor Sharangovich.
16:11 of 3rd period - Stopped by Ville Husso without a rebound.
16:12 of 3rd period - Trevor Zegras wins face-off versus Jordan Staal in Kings zone.
16:30 of 3rd period - Cam Fowler is hit by Mark Giordano and loses puck.
16:44 of 3rd period - Off-side.
16:45 of 3rd period - Anze Kopitar wins face-off versus Nic Dowd in neutral zone.
17:36 of 3rd period - Kailer Yamamoto is hit by Mattias Ekholm and loses puck.
18:29 of 3rd period - Anze Kopitar is hit by Rasmus Ristolainen and loses puck.
18:34 of 3rd period - Shot by Anze Kopitar.
18:34 of 3rd period - Stopped by Ville Husso with a rebound.
18:38 of 3rd period - Shot by Yegor Sharangovich.
18:38 of 3rd period - Stopped by Ville Husso without a rebound.
18:39 of 3rd period - Trevor Zegras wins face-off versus Logan Couture in Kings zone.
18:42 of 3rd period - Shot by Tom Wilson.
18:42 of 3rd period - Shot Blocked by Logan Couture.
19:47 of 3rd period - Icing by Alex Iafallo.
19:48 of 3rd period - Nic Dowd wins face-off versus Trevor Zegras in Bruins zone.
19:59 of 3rd period - Shot by Conor Sheary.
19:59 of 3rd period - Shot Blocked by Tom Wilson.
Goals for this period are 1 for Kings vs 1 for Bruins.
Shots for this period are 8 for Kings vs 16 for Bruins.